 Dungeon Crawl Stone Soup version 0.31-a0-174-g85c54bcb58 (webtiles) character file.

Game seed: 5841994447384436284

2351 kr4n3 the Fighter (level 9, -1/71 HPs)
             Began as a Djinni Fire Elementalist on June 15, 2023.
             Was an Initiate of Makhleb.
             Slain by a +7 long sword of the Heavens {spect, Drain rF+ Will+} (9 damage)
             ... created by Maggie
             ... on level 6 of the Dungeon.
             The game lasted 00:16:17 (5081 turns).

kr4n3 the Fighter (Djinni Fire Elementalist)        Turns: 5081, Time: 00:16:18

Health: -1/71      AC: 13    Str:  7    XL:     9   Next: 71%
Gold:   248        EV: 13    Int: 21    God:    Makhleb [......] SH:  0 Dex: 20

rFire   + + .        b - +12 glaive of Prune {freeze, Prune}
rCold   x . .        (shield currently unavailable)
rNeg    . . .        a - +0 robe
rPois   ∞            (no helmet)
rElec   .            (no cloak)
rCorr   .            (no gloves)
SInv    .            (boots unavailable)
Will    .....        (no amulet)
Stlth   ++           T - +4 ring of protection
HPRegen 0.31/turn    D - +6 ring of dexterity
MPRegen 0.00/turn

%: infuse magic (-2 HP)
@: ice-armoured, about to teleport, flying
A: sickness immunity, fire resistance 2, cold vulnerability 1, float, innate
caster, HP casting, extra vitality 1
a: Renounce Religion


You were on level 6 of the Dungeon.
You worshipped Makhleb.
Makhleb was noncommittal.
You visited 1 branch of the dungeon, and saw 6 of its levels.

You collected 248 gold pieces.


Innate Abilities, Weirdness & Mutations

You are immune to sickness and miasma.
You are immune to poison.
Your flesh is very heat resistant. (rF++)
You are vulnerable to cold. (rC-)
You float through the air rather than walking.
You learn spells naturally, not from books.
Your magical power is your life essence.
You have superior vitality. (+4 MHP)


   Skills:
 + Level 8.7 Fighting
 - Level 2.1 Dodging
 - Level 1.5 Stealth
 + Level 7.2 Spellcasting
 + Level 7.2 Conjurations
 + Level 7.2 Hexes
   Level 0.0 Charms
 + Level 7.2 Summonings
 + Level 7.2 Necromancy
 + Level 7.2 Translocations
 + Level 7.2 Transmutations
 + Level 7.2 Fire Magic
 + Level 7.2 Ice Magic
 + Level 7.2 Air Magic
 + Level 7.2 Earth Magic
 + Level 7.2 Poison Magic


You knew the following spells:

 Your Spells              Type           Power      Damage    Failure   Level
f - Foxfire               Conj/Fire      100%       2x1d9     1%          1
o - Ozocubu's Armour      Ice            37%        N/A       1%          3
r - Inner Flame           Hex/Fire       37%        N/A       1%          3
s - Spider Form           Tmut/Pois      37%        N/A       1%          3
w - Wereblood             Tmut           37%        N/A       1%          2
z - Summon Small Mammal   Summ           100%       N/A       1%          1
X - Scorch                Fire           74%        2d8       1%          2
Y - Volatile Blastmotes   Fire/Tloc      74%        2d16      1%          3
Z - Flame Wave            Conj/Fire      37%        2d10      4%          4
Your spell library was empty.

Inventory:

Hand Weapons
 b - the +12 glaive of Prune (weapon) {freeze, Prune}
   (You acquired it on level 5 of the Dungeon)

   Prune:     It halves damage taken while paralysed, petrified or unconscious.
 g - a +1 short sword of draining
Armour
 a - a +0 robe (worn)
Magical Staves
 d - the staff of conjuration "Gubroybu" {rElec rF- Str+3 Int+3, !a}
   (You acquired it on level 5 of the Dungeon)

   [staff of conjuration]

   Base accuracy: +5 Base damage: 5 Base attack delay: 1.2 This weapon's minimum
   attack delay (0.6) is reached at skill level 12.
   Str:       It affects your strength (+3).
   Int:       It affects your intelligence (+3).
   rF:        It makes you vulnerable to fire.
   rElec:     It insulates you from electricity.
   It falls into the 'Staves' category.
   It is a one-handed weapon.
Jewellery
 n - an amulet of faith {!P}
 D - a +6 ring of dexterity (right hand)
 T - a +4 ring of protection (left hand)
Wands
 o - a wand of mindburst (3)
 q - a wand of paralysis (6)
Scrolls
 c - a scroll of brand weapon
 f - a scroll of identify {@r1}
 i - a scroll of teleportation {@r2}
Potions
 e - a potion of curing {@q1}
 j - a potion of ambrosia {unknown}
 k - a potion of mutation {unknown}
 l - a potion of might
 p - 2 potions of brilliance

Dungeon Overview and Level Annotations

Branches:
Dungeon (6/15)             Temple (0/1) D:6

Altars:
Cheibriados
Gozag
Hepliaklqana
Makhleb
Zin

Annotations:
D:2 1 runed translucent door, Crazy Yiuf
D:6 Maggie

##. .. .. .# . ..... ..#
..######.§..# ...#
.....#.†. ..##..##
....)...# .......#
.##....{###......###
......@@.##......#.##
............##......####
........##...##........#
........##.............#
#......##..#.......#....
...........#......###...
...#####..........###...
... #...#.##....#.#...
#.######..........


You could see Maggie and a +7 long sword of the Heavens {spect, Drain rF+
Will+}.


Message History

* * * LOW HITPOINT WARNING * * *
The +7 long sword of the Heavens {spect, Drain rF+ Will+} barely misses you.
Maggie drinks a potion.
Maggie is healed!
The +7 long sword of the Heavens {spect, Drain rF+ Will+} hits you!
* * * LOW HITPOINT WARNING * * *
Okay, then.
You feel much better.
The +7 long sword of the Heavens {spect, Drain rF+ Will+} barely misses you.
The +7 long sword of the Heavens {spect, Drain rF+ Will+} hits you!
* * * LOW HITPOINT WARNING * * *
The +7 long sword of the Heavens {spect, Drain rF+ Will+} disappears.
Maggie gives herself a magical halo, but it quickly sputters out.
Maggie hits you with the +7 long sword of the Heavens {spect, Drain rF+ Will+}!
* * * LOW HITPOINT WARNING * * *
The +7 long sword of the Heavens {spect, Drain rF+ Will+} hits you.
* * * LOW HITPOINT WARNING * * *
A +7 long sword of the Heavens {spect, Drain rF+ Will+} comes into view.
As you read the scroll labelled GIKIKU ZITHRAO, it crumbles to dust.
You feel strangely unstable.
It was a scroll of teleportation.
Maggie closely misses you.
The +7 long sword of the Heavens {spect, Drain rF+ Will+} hits you!
* * * LOW HITPOINT WARNING * * *
Unknown command.
Okay, then.
Your icy armour will break if you move.
Continue?
Maggie attacks as you move away!
Maggie hits you with the +7 long sword of the Heavens {spect, Drain rF+ Will+}.
* * * LOW HITPOINT WARNING * * *
The +7 long sword of the Heavens {spect, Drain rF+ Will+} hits you!
You die...

Skill      XL: |  1  2  3  4  5  6  7  8  9 |
---------------+----------------------------+-----
Spellcasting   | 4 5 6 7 |  7.2
Conjurations   | 4 5 6 7 |  7.2
Hexes          | 4 5 6 7 |  7.2
Summonings     | 4 5 6 7 |  7.2
Necromancy     | 4 5 6 7 |  7.2
Translocations | 4 5 6 7 |  7.2
Transmutations | 4 5 6 7 |  7.2
Fire Magic     | 4 5 6 7 |  7.2
Ice Magic      | 4 5 6 7 |  7.2
Air Magic      | 4 5 6 7 |  7.2
Earth Magic    | 4 5 6 7 |  7.2
Poison Magic   | 4 5 6 7 |  7.2
Fighting       | 1 2 3 4 5 7 8 |  8.7
Dodging        | |  2.1
Stealth        | |  1.5

Action                     |  1- 3 |  4- 6 |  7- 9 || total
---------------------------+-------+-------+-------++-------
  Melee: Short sword       |       |     1 |       ||     1
         Glaive            |       |       |     5 ||     5
         Unarmed           |       |       |     4 ||     4
   Cast: Foxfire           |    94 |   106 |   172 ||   372
         Scorch            |       |     2 |     2 ||     4
         Volatile Blastmot |       |       |     3 ||     3
         Wereblood         |       |       |     2 ||     2
         Spider Form       |       |       |     1 ||     1
         Ozocubu's Armour  |       |       |     2 ||     2
         Flame Wave        |       |       |     2 ||     2
    Use: Scroll            |       |       |    11 ||    11
         Potion            |       |       |     1 ||     1
   Stab: Sleeping          |       |       |     1 ||     1
 Armour: Robe              |     6 |     1 |     4 ||    11
  Dodge: Dodged            |    16 |     4 |    15 ||    35

Levels and vault maps discovered:
D:1:      ncdulo_smallfort, layout_basic
D:2:      layout_basic, basic_altar, uniq_crazy_yiuf_cottage
D:3:      layout_loops_ring, hangedman_feature_mirror,
          chequers_serial_rivers_micro_d, st_stairs_8, uniq_grinder,
          uniq_terence
D:4:      layout_loops_ring, old_standard_altar, grunt_temple_overflow_diamond,
          minmay_checkerbox
D:5:      layout_cave_pods, nicolae_gozag_seed_capital,
          kennysheep_generic_room_15, uniq_pikel
D:6:      layout_cave_pools, minmay_temple_entry_drinking_statues,
          chequers_serial_rivers_room_b, uniq_maggie

Notes
Turn   | Place    | Note
-------+----------+-------------------------------------------
     0 | D:1      | Reached skill level 3 in Spellcasting
     0 | D:1      | Reached skill level 3 in Conjurations
     0 | D:1      | Reached skill level 3 in Hexes
     0 | D:1      | Reached skill level 3 in Summonings
     0 | D:1      | Reached skill level 3 in Necromancy
     0 | D:1      | Reached skill level 3 in Translocations
     0 | D:1      | Reached skill level 3 in Transmutations
     0 | D:1      | Reached skill level 3 in Fire Magic
     0 | D:1      | Reached skill level 3 in Ice Magic
     0 | D:1      | Reached skill level 3 in Air Magic
     0 | D:1      | Reached skill level 3 in Earth Magic
     0 | D:1      | Reached skill level 3 in Poison Magic
     0 | D:1      | kr4n3 the Djinni Fire Elementalist began the quest for the
                  | Orb.
     0 | D:1      | kr4n3 set off with the following spells memorised: Foxfire,
                  | Scorch, Volatile Blastmotes, Inner Flame, Flame Wave.
     0 | D:1      | Reached XP level 1. HP: 15/15 MP: 0/0
   205 | D:1      | Reached XP level 2. HP: 17/22 MP: 0/0
   280 | D:1      | Reached skill level 1 in Fighting
   497 | D:1      | Reached XP level 3. HP: 24/27 MP: 0/0
   497 | D:1      | Learned a level 1 spell: Summon Small Mammal
   901 | D:2      | Found a snail-covered altar of Cheibriados.
  1175 | D:2      | Found a runed translucent door.
  1176 | D:2      | Noticed Crazy Yiuf
  1204 | D:2      | Reached skill level 2 in Fighting
  1242 | D:2      | Reached XP level 4. HP: 30/33 MP: 0/0
  2051 | D:3      | Reached skill level 3 in Fighting
  2051 | D:3      | Reached XP level 5. HP: 30/40 MP: 0/0
  2051 | D:3      | Learned a level 2 spell: Wereblood
  2119 | D:3      | Noticed Grinder
  2141 | D:3      | Paralysed by Grinder for 4 turns
  2158 | D:3      | Killed Grinder
  2159 | D:3      | Reached skill level 4 in Fighting
  2159 | D:3      | Reached skill level 4 in Spellcasting
  2159 | D:3      | Reached skill level 4 in Conjurations
  2159 | D:3      | Reached skill level 4 in Hexes
  2159 | D:3      | Reached skill level 4 in Summonings
  2159 | D:3      | Reached skill level 4 in Necromancy
  2159 | D:3      | Reached skill level 4 in Translocations
  2159 | D:3      | Reached skill level 4 in Transmutations
  2159 | D:3      | Reached skill level 4 in Fire Magic
  2159 | D:3      | Reached skill level 4 in Ice Magic
  2159 | D:3      | Reached skill level 4 in Air Magic
  2159 | D:3      | Reached skill level 4 in Earth Magic
  2159 | D:3      | Reached skill level 4 in Poison Magic
  2159 | D:3      | Reached XP level 6. HP: 28/47 MP: 0/0
  2263 | D:3      | Noticed Terence
  2271 | D:3      | Killed Terence
  2549 | D:3      | Reached XP level 7. HP: 48/53 MP: 0/0
  2549 | D:3      | Learned a level 3 spell: Spider Form
  2886 | D:4      | Found a glowing silver altar of Zin.
  3178 | D:4      | Reached skill level 5 in Fighting
  3178 | D:4      | Reached skill level 5 in Spellcasting
  3178 | D:4      | Reached skill level 5 in Conjurations
  3178 | D:4      | Reached skill level 5 in Hexes
  3178 | D:4      | Reached skill level 5 in Summonings
  3178 | D:4      | Reached skill level 5 in Necromancy
  3178 | D:4      | Reached skill level 5 in Translocations
  3178 | D:4      | Reached skill level 5 in Transmutations
  3178 | D:4      | Reached skill level 5 in Fire Magic
  3178 | D:4      | Reached skill level 5 in Ice Magic
  3178 | D:4      | Reached skill level 5 in Air Magic
  3178 | D:4      | Reached skill level 5 in Earth Magic
  3178 | D:4      | Reached skill level 5 in Poison Magic
  3298 | D:4      | Found a hazy altar of Hepliaklqana.
  3308 | D:4      | Found a burning altar of Makhleb.
  3312 | D:4      | Became a worshipper of Makhleb the Destroyer
  3645 | D:5      | Entered Level 5 of the Dungeon
  3645 | D:5      | Found an opulent altar of Gozag.
  3706 | D:5      | Reached XP level 8. HP: 56/61 MP: 0/0
  3736 | D:5      | Noticed Pikel
  3764 | D:4      | Killed Pikel
  3765 | D:4      | Reached skill level 6 in Fighting
  3866 | D:5      | Reached skill level 6 in Spellcasting
  3866 | D:5      | Reached skill level 6 in Conjurations
  3866 | D:5      | Reached skill level 6 in Hexes
  3866 | D:5      | Reached skill level 6 in Summonings
  3866 | D:5      | Reached skill level 6 in Necromancy
  3866 | D:5      | Reached skill level 6 in Translocations
  3866 | D:5      | Reached skill level 6 in Transmutations
  3866 | D:5      | Reached skill level 6 in Fire Magic
  3866 | D:5      | Reached skill level 6 in Ice Magic
  3866 | D:5      | Reached skill level 6 in Air Magic
  3866 | D:5      | Reached skill level 6 in Earth Magic
  3866 | D:5      | Reached skill level 6 in Poison Magic
  3960 | D:5      | Reached skill level 7 in Fighting
  4186 | D:5      | Identified 2 scrolls of acquirement
  4186 | D:5      | Acquired the staff of conjuration "Gubroybu" {rElec rF-
                  | Str+3 Int+3}
  4187 | D:5      | Acquired the +12 glaive of Prune {freeze, Prune}
  4187 | D:5      | Found the +12 glaive of Prune {freeze, Prune}
  4426 | D:5      | Reached XP level 9. HP: 64/68 MP: 0/0
  4426 | D:5      | Learned a level 3 spell: Ozocubu's Armour
  4739 | D:6      | Noticed a two-headed ogre
  4914 | D:6      | Killed a two-headed ogre
  4915 | D:6      | Reached skill level 8 in Fighting
  4915 | D:6      | Reached skill level 7 in Spellcasting
  4915 | D:6      | Reached skill level 7 in Conjurations
  4915 | D:6      | Reached skill level 7 in Hexes
  4915 | D:6      | Reached skill level 7 in Summonings
  4915 | D:6      | Reached skill level 7 in Necromancy
  4915 | D:6      | Reached skill level 7 in Translocations
  4915 | D:6      | Reached skill level 7 in Transmutations
  4915 | D:6      | Reached skill level 7 in Fire Magic
  4915 | D:6      | Reached skill level 7 in Ice Magic
  4915 | D:6      | Reached skill level 7 in Air Magic
  4915 | D:6      | Reached skill level 7 in Earth Magic
  4915 | D:6      | Reached skill level 7 in Poison Magic
  5017 | D:6      | Found a staircase to the Ecumenical Temple.
  5069 | D:6      | Identified the +7 long sword of the Heavens {spect, Drain
                  | rF+ Will+}
  5069 | D:6      | Noticed Maggie
  5081 | D:6      | Slain by a +7 long sword of the Heavens {spect, Drain rF+
                  | Will+}

Vanquished Creatures
  A two-headed ogre (D:6)
  Pikel (D:4)
  Grinder (D:3)
  An orc warrior (D:5)
  A black bear (D:6)
  An ogre (D:4)
  A centaur (D:6)
  3 phantoms
  A howler monkey (D:6)
  2 jellies (D:5)
  A gnoll bouda (D:5)
  A hound (D:4)
  2 orc priests (D:5)
  A sleepcap (D:6)
  3 iguanas
  2 orc wizards (D:5)
  Terence (D:3)
  3 gnolls (D:3)
  6 adders
  A white imp (D:5)
  An ufetubus (D:4)
  A worm (D:5)
  2 dart slugs
  7 orcs
  5 ball pythons
  7 bats
  4 endoplasms
  2 giant cockroaches
  7 goblins
  3 hobgoblins
  9 jackals
  7 quokkas
  3 frilled lizards
  6 kobolds
  3 rats
101 creatures vanquished.

Vanquished Creatures (others)
  601 foxfires
601 creatures vanquished.

Grand Total: 702 creatures vanquished

Table legend: (Time is in decaauts)
 A = Elapsed time spent in this place.
 B = Non-inter-level travel time spent in this place.
 C = Inter-level travel time spent in this place.
 D = Time resting spent in this place.
 E = Time spent auto-exploring this place.
 F = Levels seen in this place.
 G = Mean time per level.
                   A        B        C        D        E       F      G
               +--------+--------+--------+--------+--------+-----+--------+
         Total |   5081 |   4841 |    240 |     72 |   3980 |   6 |  846.8 |
       Dungeon |   5081 |   4841 |    240 |     72 |   3980 |   6 |  846.8 |
               +--------+--------+--------+--------+--------+-----+--------+

Top non-repeatable levels by time:
     D:2: 1049 daAuts
     D:5: 1004 daAuts
     D:3: 998 daAuts
     D:4: 979 daAuts
     D:1: 706 daAuts
     D:6: 344 daAuts

Table legend:
 A = Non-vault XP
 B = Vault XP
 C = Vault XP percentage of total XP
 D = Non-vault monster count
 E = Vault monster count
 F = Vault count percentage of total count
                 A         B        C        D         E       F
            +---------+---------+-------+---------+---------+-------
      Total |    2287 |    1072 |  31.9 |      91 |      10 |   9.9
            +---------+---------+-------+---------+---------+-------
        D:1 |      39 |       0 |   0.0 |      21 |       0 |   0.0
        D:2 |      46 |       0 |   0.0 |      13 |       0 |   0.0
        D:3 |     112 |     327 |  74.5 |      20 |       3 |  13.0
        D:4 |     312 |     655 |  67.7 |      15 |       5 |  25.0
        D:5 |     585 |      90 |  13.3 |      16 |       2 |  11.1
        D:6 |    1193 |       0 |   0.0 |       6 |       0 |   0.0
            +---------+---------+-------+---------+---------+-------
